 Dungeon Crawl Stone Soup version 0.19-a0-860-g5c370dd (webtiles) character file.

688 LORDOFBUTT the Chopper (level 7, -1/91 HPs)
             Began as a Minotaur Fighter on July 3, 2016.
             Slain by a killer bee (4 damage)
             ... on level 4 of the Dungeon.
             The game lasted 00:03:31 (2279 turns).

LORDOFBUTT the Chopper (Minotaur Fighter)           Turns: 2279, Time: 00:03:32

Health: -1/91      AC:  8    Str: 26    XL:     7   Next: 36%
Magic:  6/6        EV: 11    Int:  5    God:
Gold:   121        SH: 10    Dex: 11    Spells: 0 memorised, 6 levels left

rFire  . . .     SeeInvis .     a - +1 war axe
rCold  . . .     Gourm    .     b - +0 scale mail
rNeg   . . .     Faith    .     c - +0 shield
rPois  .         Spirit   .     (helmet restricted)
rElec  .         Dismiss  .     h - +0 cloak
rCorr  .         Reflect  .     (no gloves)
SustAt .         Harm     .     (no boots)
MR     +....                    (no amulet)
Stlth  ..........               s - +2 ring of evasion
                                r - ring of protection from magic

@: berserking (expiring), lethally poisoned (-1 -> -6), very quick, somewhat
resistant to hostile enchantments, extremely unstealthy
A: retaliatory headbutt, horns 2
a: no special abilities


You were on level 4 of the Dungeon.
You were not hungry.

You visited 1 branch of the dungeon, and saw 4 of its levels.

You collected 121 gold pieces.

Inventory:

Hand Weapons
 a - a +1 war axe (weapon)
Armour
 b - a +0 scale mail (worn)
 c - a +0 shield (worn)
 h - a +0 cloak (worn)
Jewellery
 r - a ring of protection from magic (left hand)
 s - a +2 ring of evasion (right hand)
Wands
 g - a wand of random effects (15/48)
Scrolls
 e - a scroll of fog
 i - 4 scrolls of teleportation
 j - a scroll of blinking
 m - 3 scrolls of remove curse
Potions
 d - 2 potions of might
 k - a potion of brilliance {unknown}
 n - 2 potions of haste
 o - 2 potions of ambrosia
 p - a potion of degeneration {unknown}
 t - a potion of lignification {unknown}
 u - 2 potions of curing
 v - a potion of heal wounds {unknown}
Comestibles
 f - 3 bread rations
 q - a meat ration


   Skills:
 + Level 5.0 Fighting
 * Level 6.2 Axes
 + Level 5.0 Armour
 + Level 3.3 Dodging
 + Level 5.7 Shields


You had 6 spell levels left.
You didn't know any spells.

Dungeon Overview and Level Annotations

Branches:
Dungeon (4/15)
 Temple: D:4-7

Altars:
Ashenzari
Pakellas
Ru
The Shining One


Innate Abilities, Weirdness & Mutations

You reflexively headbutt those who attack you in melee.
You have a pair of horns on your head.


Message History

You closely miss the killer bee. The killer bee barely misses you.
You closely miss the killer bee. The killer bee stings you.
* * * LOW HITPOINT WARNING * * *
You are more poisoned.
The killer bee poisons you! The orc hits you but does no damage.
The killer bee stings you.
* * * LOW HITPOINT WARNING * * *
You barely miss the killer bee.
You feel sick. The killer bee stings you!
* * * LOW HITPOINT WARNING * * *
The orc hits you from afar with a trident.
* * * LOW HITPOINT WARNING * * *
You closely miss the killer bee.
* * * LOW HITPOINT WARNING * * *
You feel sick. The killer bee barely misses you. You furiously retaliate!
You headbutt the killer bee! You block the killer bee's attack.
You closely miss the killer bee. Your headbutt misses the killer bee.
The killer bee is heavily wounded.
* * * LOW HITPOINT WARNING * * *
You feel sick. The killer bee stings you.
You die...

#. .# ." ...
##.####...
..o..#.. ..
oy#.#.....
#y#.#.##.# #
#@#.#.##.#.#
#.#.#.##.#.##
#............
##.##.##.#######
#.............#
#.##.##.##..#####
#........#..#....
.................
###.#.#####....###


You could see 2 killer bees, an orc wizard and an orc.

Vanquished Creatures
  An eye of draining (D:4)
  2 scorpions (D:4)
  2 killer bees (D:4)
  A centaur skeleton (D:4)
  An orc wizard (D:4)
  A giant frog skeleton (D:4)
  Jessica (D:2)
  Terence (D:2)
  Natasha (thrice) (D:3)
  A worker ant (D:4)
  9 adders
  5 worms
  3 dart slugs
  2 giant geckos
  4 orcs
  A ball python (D:2)
  2 giant cockroaches
  6 goblins
  11 hobgoblins
  7 jackals
  11 kobolds
  A quokka (D:3)
  6 bats
  3 giant newts
  8 rats
93 creatures vanquished.

Notes
Turn   | Place    | Note
-------+----------+-------------------------------------------
     0 | D:1      | LORDOFBUTT the Minotaur Fighter began the quest for the Orb.
     0 | D:1      | Reached XP level 1. HP: 19/19 MP: 0/0
     3 | D:1      | Noticed an electric eel
   203 | D:1      | You fall through a shaft!
   215 | D:2      | Reached XP level 2. HP: 21/27 MP: 1/1
   294 | D:2      | Noticed Jessica
   298 | D:2      | Killed Jessica
   298 | D:2      | Reached XP level 3. HP: 33/33 MP: 2/2
   403 | D:2      | Reached skill level 3 in Axes
   449 | D:2      | Found a sacrificial altar of Ru.
   449 | D:2      | Found a glowing golden altar of the Shining One.
   449 | D:2      | Noticed Terence
   453 | D:2      | Killed Terence
   453 | D:2      | Reached XP level 4. HP: 28/40 MP: 3/3
   484 | D:2      | Reached skill level 1 in Dodging
   834 | D:1      | Reached XP level 5. HP: 46/46 MP: 4/4
  1609 | D:3      | Reached skill level 5 in Shields
  1658 | D:3      | Found a shattered altar of Ashenzari.
  1697 | D:3      | Noticed Natasha
  1705 | D:3      | Killed Natasha
  1705 | D:3      | Reached skill level 4 in Axes
  1716 | D:3      | Noticed Natasha
  1723 | D:3      | Killed Natasha
  1801 | D:3      | Noticed Natasha
  1811 | D:3      | Killed Natasha
  1811 | D:3      | Reached XP level 6. HP: 40/53 MP: 5/5
  1930 | D:3      | Found an oddly glowing altar of Pakellas.
  2137 | D:4      | Reached skill level 5 in Axes
  2249 | D:4      | Reached skill level 5 in Fighting
  2249 | D:4      | Reached XP level 7. HP: 59/61 MP: 6/6
  2269 | D:4      | Reached skill level 6 in Axes
  2274 | D:4      | Reached skill level 5 in Armour
  2277 | D:4      | HP: 4/91 [orc/trident (5)]
  2279 | D:4      | Slain by a killer bee

Vault maps used:
D:1:      arrival_aquarium_a
D:2:      gammafunk_temple_overflow_pools, uniq_jessica, uniq_terence
D:3:      lemuel_doored_altar, grunt_pakellas_basics, uniq_natasha
D:4:      first_bread, serial_shops, shop, st_stairs_10, uniq_blork_the_orc

Skill      XL: |  1  2  3  4  5  6  7 |
---------------+----------------------+-----
Fighting       | 4 5 |  5.0
Armour         | 4 5 |  5.0
Shields        | 4 5 |  5.7
Axes           | 3 4 5 6 |  6.2
Dodging        | 1 2 3 |  3.3

Action                   |  1- 3 |  4- 6 |  7- 9 || total
-------------------------+-------+-------+-------++-------
Melee: War axe           |    52 |   159 |    25 ||   236
       Headbutt          |     9 |    24 |     3 ||    36
  Use: Scroll            |       |    10 |       ||    10
       Potion            |       |       |     2 ||     2
  Eat: Pizza             |       |     1 |       ||     1
       Beef jerky        |       |     1 |       ||     1
       Bread ration      |       |     1 |       ||     1
Armor: Scale mail        |    28 |    59 |     4 ||    91
Dodge: Dodged            |    21 |    69 |    24 ||   114
Block: Shield            |    45 |    90 |    21 ||   156
